 Seeded DCSS version 0.27.1 (webtiles) character file.

Game seed: 16843347396602353568 (custom seed)

343 voltaire321 the Ducker (level 6, -9/48 HPs)
             Began as a Merfolk Gladiator on Aug 24, 2021.
             Mangled by Pikel (20 damage)
             ... on level 4 of the Dungeon.
             The game lasted 00:09:53 (3743 turns).

voltaire321 the Ducker (Merfolk Gladiator)          Turns: 3743, Time: 00:09:54

Health: -9/48      AC:  6    Str: 14    XL:     6   Next: 57%
Magic:  6/6        EV: 14    Int:  8    God:
Gold:   159        SH:  0    Dex: 17    Spells: 5/5 levels left

rFire    . . .     SeeInvis .   a - +1 long sword
rCold    . . .     Faith    .   (no shield)
rNeg     . . .     Spirit   .   b - +0 leather armour
rPois    .         Reflect  .   c - +1 helmet
rElec    .         Harm     .   (no cloak)
rCorr    .         Rampage  .   (no gloves)
Will     .....                  l - +0 pair of boots
Stlth    +.........             m - amulet of regeneration
HPRegen  1.16/turn              (no ring)
MPRegen  0.10/turn              (no ring)

@: attractive
A: (nimble swimmer 2), mertail
a: no special abilities


You were on level 4 of the Dungeon.
You visited 1 branch of the dungeon, and saw 4 of its levels.
You also visited: Sewer.

You collected 159 gold pieces.

Inventory:

Hand Weapons
 a - a +1 long sword (weapon)
Missiles
 d - 3 throwing nets
 o - 6 atropa-tipped darts
 q - 6 curare-tipped darts (quivered)
Armour
 b - a +0 leather armour (worn)
 c - a +1 helmet (worn)
 l - a +0 pair of boots (worn)
Jewellery
 e - an amulet of the acrobat
 m - an amulet of regeneration (around neck)
Scrolls
 h - 3 scrolls of acquirement {unknown}
 j - a scroll of enchant armour
Potions
 f - a potion of attraction
 i - 3 potions of curing
 k - a potion of might {unknown}
 r - a potion of cancellation {unknown}
 t - a potion of degeneration {unknown}


   Skills:
 + Level 4.1 Fighting
 + Level 4.7 Long Blades
 + Level 3.7 Throwing
 + Level 5.9 Dodging


You had 5 spell levels left.
You didn't know any spells.
Your spell library contained the following spells:

 Spells                   Type           Power      Damage    Failure   Level
 Shock                    Conj/Air       0%         1d3       50%         1
 Summon Small Mammal      Summ           0%         N/A       50%         1
 Call Canine Familiar     Summ           0%         N/A       86%         3
 Summon Guardian Golem    Hex/Summ       0%         N/A       86%         3
 Swiftness                Air            0%         N/A       86%         3
 Tukima's Dance           Hex            0%         N/A       86%         3
 Airstrike                Air            0%         N/A       99%         4
 Passage of Golubria      Tloc           N/A        N/A       99%         4
 Yara's Violent Unravell  Hex/Tmut       0%         3d3       100%        5


Dungeon Overview and Level Annotations

Branches:
Dungeon (4/15)             Temple (0/1) D:4           Sewer (visited)

Altars:

Annotations:
D:4 Pikel


Innate Abilities, Weirdness & Mutations

((You are quick and stealthy near water. (Stealth+, EV+, Speed+++)))
Your lower body shifts to a powerful aquatic tail in water.


Message History

Found a stone staircase leading down.
The lemure hits you. The lemure closely misses you. The lemure hits you.
The lemure misses you. The lemure hits you.
The lemure hits you but does no damage.
Pikel says, "It's all about the gold, really."
There is a stone staircase leading down here.
You slash the lemure!
The lemure is moderately wounded.
The lemure hits you. x2
Pikel says, "Asmodeus and me are pals.
He gave me this whip."
Pikel hits you with a +0 whip of electrocution.
The lemure hits you but does no damage. The lemure hits you but does no damage.
Pikel zaps a wand.
You resist with some effort. The lemure hits you.
You closely miss the lemure.
The lemure is moderately wounded.
The lemure hits you.
You slash the lemure!
The lemure is heavily wounded.
The lemure hits you but does no damage.
You hit Pikel.
Pikel is lightly wounded.
You hit Pikel but do no damage.
Pikel is lightly wounded.
Pikel barely misses you.
You closely miss Pikel.
Pikel is lightly wounded.
Pikel hits you with a +0 whip of electrocution.
Pikel hits you with a +0 whip of electrocution!
You are electrocuted!
* * * LOW HITPOINT WARNING * * *
You closely miss Pikel. Pikel completely misses you.
It was a potion of attraction.
You feel attractive to monsters.
Pikel hits you with a +0 whip of electrocution.
* * * LOW HITPOINT WARNING * * *
You are electrocuted!!
You die...

### ##### ###.# ....#
#...#
###.######.#.###########
............555K@......#
###.####.#.#5#########.#
#.# #.#.#.#********,*
#.# #.#.#..,,,,,,,*,*
#.# #.#.#.#.*****,*,*
#.## #.#.#.#..,,,*,*,*
#..# #.#.#..,.#,,*,*,* *
##.###.#...#,.*,,*,*,* *
#..##.###.#.)#*,*,*,*


You could see Pikel and 4 lemures.

Vanquished Creatures
  A water moccasin (Sewer)
  An orc priest (D:3)
  An iguana (D:3)
  An orc wizard (D:3)
  3 gnolls (D:2)
  5 adders
  2 river rats (D:3)
  A worm (D:3)
  2 dart slugs
  2 orcs (D:3)
  8 ball pythons
  11 bats
  4 endoplasms
  5 giant cockroaches
  5 goblins
  4 hobgoblins
  3 jackals (D:3)
  4 frilled lizards
  4 kobolds
  4 rats
71 creatures vanquished.

Notes
Turn   | Place    | Note
-------+----------+-------------------------------------------
     0 | D:1      | voltaire321 the Merfolk Gladiator began the quest for the
                  | Orb.
     0 | D:1      | Reached XP level 1. HP: 16/16 MP: 1/1
   118 | D:1      | Reached XP level 2. HP: 23/23 MP: 2/2
   149 | D:1      | Found a faded altar of an unknown god.
   617 | D:2      | Reached XP level 3. HP: 27/28 MP: 3/3
  1095 | D:2      | Reached XP level 4. HP: 34/34 MP: 4/4
  2112 | D:3      | Found a glowing drain.
  2126 | D:3      | Reached skill level 5 in Dodging
  2249 | Sewer    | Entered a sewer
  2261 | Sewer    | Reached XP level 5. HP: 27/41 MP: 5/5
  2381 | Sewer    | Noticed a water moccasin
  2392 | Sewer    | Killed a water moccasin
  2683 | D:3      | Reached XP level 6. HP: 48/48 MP: 6/6
  3701 | D:4      | Noticed Pikel
  3743 | D:4      | Mangled by Pikel

Illustrated notes

Levels and vault maps discovered:
D:1:      wander_arrival_desolate, layout_rooms,
          hellmonk_ecumenical_altar_leap_of_faith,
          chequers_serial_rivers_micro_d
D:2:      layout_loops_corners
D:3:      layout_basic, portal_sewer_entry_a
D:4:      layout_basic, minmay_temple_entry_sparse_star, uniq_pikel

Skill      XL: |  1  2  3  4  5  6 |
---------------+-------------------+-----
Fighting       | 3 4 |  4.1
Long Blades    | 4 |  4.7
Dodging        | 5 |  5.9
Throwing       | 3 |  3.7

Action                   |  1- 3 |  4- 6 || total
-------------------------+-------+-------++-------
Melee: Long sword        |    56 |   161 ||   217
Throw: Dart              |       |     1 ||     1
  Use: Scroll            |       |     6 ||     6
       Potion            |       |     2 ||     2
 Stab: Sleeping          |     2 |     2 ||     4
Armor: Leather armour    |    17 |    56 ||    73
Dodge: Dodged            |    55 |   132 ||   187
       Rpst.: Long sword |    20 |    48 ||    68
